[Event "Karel Janecek Open 2024"]
[Site "Prague"]
[Date "2024.03.06"]
[Round "8.15"]
[White "Chinguun, Sumiya"]
[Black "Simacek, Pavel"]
[Result "1-0"]
[ECO "B23"]
[WhiteElo "2319"]
[BlackElo "2456"]
[Annotator "TA"]
[PlyCount "105"]
[EventDate "2024.02.22"]
[EventType "swiss"]
[EventCountry "CZE"]
[SourceTitle "playchess.com"]
[Source "ChessBase"]
[SourceQuality "1"]
[TimeControl "40/5400+30:1800+30"]

1. e4 c5 2. Nc3 d6 3. f4 g6 4. Nf3 Bg7 5. Bc4 Nc6 6. O-O e6 7. d4 Nxd4 8. Be3 Nf6 9. Nxd4 {[%emt 0:02:46] White has an edge.} cxd4 10. Bxd4 {[%emt 0:00:10] Threatens to win with e5.} O-O 11. Qd3 Bd7 12. Rad1 Bc6 13. f5 Qe7 14. Bxf6 ({White should play} 14. a4 $14) 14... Bxf6 $11 15. fxe6 fxe6 16. Qxd6 Rae8 17. e5 Bg7 18. Rxf8+ Bxf8 {[%emt 0:01:17] A strong pair of Bishops.} 19. Qxe7 Rxe7 20. Ne2 Bg7 21. Nf4 Bxe5 22. Nxe6 Kh8 23. c3 h6 24. Rd8+ Re8 25. Rxe8+ Bxe8 $16 {[%emt 0:00:02][%mdl 4096] Endgame. KBB-KBN} 26. Nd8 b6 27. Bf7 Bf6 ({Better is} 27... Bd7 $14) 28. Bxe8 Bxd8 29. Bxg6 {[%emt 0:00:07] KB-KB} Bg5 30. Kf2 Bc1 31. b3 Bb2 32. c4 Kg7 33. Be8 Kf6 34. Kf3 Ke5 35. Kg4 Kf6 36. Kh5 Kg7 37. h4 Bc1 38. g4 Kf6 $2 {[%emt 0:09:39][%mdl 8192] [#] Loses the game.} (38... Bd2 $16 39. g5 hxg5) 39. b4 $1 $18 Kg7 40. c5 bxc5 41. bxc5 Be3 42. c6 {[%emt 0:00:00] Intending c7 and mate.} Bf4 43. g5 {[%emt 0:00:00] [#] And now gxh6+ would win.} hxg5 44. hxg5 Kf8 45. Bd7 Ke7 46. Kg4 Bd2 47. Kf5 Ba5 48. Kg6 {[%emt 0:00:00] White mates.} Bd2 49. Bf5 Kd6 50. Be4 Ke7 51. Bc2 Bf4 52. Ba4 Kd6 53. Kf6 {[%emt 0:00:00] Weighted Error Value: White=0.05 (flawless) /Black=0.14 (very precise) .  Loses game:     	---       	Black=1      Mistake:       	White=1     	Black=1      Inaccurate:     	---       	Black=3      OK:         	White=16    	Black=10     Best:        	White=5     	Black=1      Strong:       	White=1     	---} 1-0

[Event "Karel Janecek Open 2024"]
[Site "Prague"]
[Date "2024.03.06"]
[Round "8.16"]
[White "Simek, Petr"]
[Black "Neverov, Valeriy"]
[Result "1/2-1/2"]
[ECO "B41"]
[WhiteElo "2291"]
[BlackElo "2423"]
[Annotator "TA"]
[PlyCount "132"]
[EventDate "2024.02.22"]
[EventType "swiss"]
[EventCountry "CZE"]
[SourceTitle "playchess.com"]
[Source "ChessBase"]
[SourceQuality "1"]
[TimeControl "40/5400+30:1800+30"]

1. e4 c5 2. Nf3 e6 3. d4 cxd4 4. Nxd4 a6 5. c4 Nf6 6. Nc3 Qc7 7. a3 b6 8. Be3 Bb7 {[%emt 0:00:56] B41: Sicilian: Kan Variation: 5 c4.} 9. Bd3 Bc5 $146 ({Predecessor:} 9... Nc6 10. Nxc6 Bxc6 11. O-O Bd6 12. f4 e5 13. f5 Bc5 14. Qe2 a5 15. Kh1 Bxe3 16. Qxe3 {½-½ Avila Pavas,S (2432)-Quesada Perez,L (2545) Mexico City Latinoamericano-A 1st 2021 (3)}) 10. b4 Bxd4 11. Bxd4 Nc6 12. Be3 Ne5 13. f3 b5 14. c5 d5 15. exd5 ({White should play} 15. Bxb5+ $1 $14 axb5 16. Nxb5) 15... Nxd5 $11 16. Nxd5 Bxd5 17. Be2 $1 Rd8 18. Qc2 Nc4 19. Qc3 $1 O-O 20. O-O f6 21. Rfd1 (21. Bf2 $14) 21... a5 $11 22. Bxc4 axb4 (22... Bxc4 {with more complications.} 23. bxa5 Ra8 24. Bd2 Rfd8) 23. Qxb4 (23. axb4 $14 Bxc4 24. Rd6) 23... bxc4 $11 24. Qc3 Rb8 25. Rdb1 Rb3 26. Rxb3 cxb3 27. a4 Ra8 28. a5 Ra6 29. Bc1 h5 30. Bb2 h4 31. h3 Rc6 32. Rc1 Qf4 33. Ra1 Qc7 34. Rc1 Ra6 35. Ra1 Qf4 36. Qd3 Qc4 37. Qxc4 Bxc4 38. Kf2 Kf7 39. Ke3 e5 40. Kd2 Rc6 41. Ba3 Ke6 42. Kc3 Bd5 43. Kb4 Rc8 44. a6 Kd7 45. Kc3 Ra8 46. Bc1 Ra7 47. Be3 Kc6 48. Ra4 g5 49. Ra5 (49. Bf2 $11) 49... b2 $15 50. Kxb2 Bc4 51. Ra1 Rxa6 52. Rb1 Ra2+ 53. Kc3 Bb5 54. Rd1 Ra3+ ({Don't play} 54... Rxg2 55. Rd6+ Kc7 56. Rxf6 $11) 55. Kb4 Rd3 $1 (55... Rxe3 56. Rd6+ Kc7 57. Kxb5 $14) 56. Re1 $1 Rd8 (56... Ba6 $15) 57. Ra1 $11 Rd3 (57... Bd3 $11) 58. Re1 $1 $15 Rd8 ({Better is} 58... Ba6 $15) 59. Ra1 $11 Be2 60. Re1 Bd1 61. Kc4 Rd7 62. Kc3 Rd8 63. Kc4 Rd7 64. Kc3 Ba4 65. Ra1 Bb5 66. Kb4 Rd3 1/2-1/2

[Event "Karel Janecek Open 2024"]
[Site "Prague"]
[Date "2024.03.06"]
[Round "8.17"]
[White "Babula, Vlastimil"]
[Black "Belenkaya, Dina"]
[Result "0-1"]
[ECO "B12"]
[WhiteElo "2529"]
[BlackElo "2202"]
[Annotator "TA"]
[PlyCount "66"]
[EventDate "2024.02.22"]
[EventType "swiss"]
[EventCountry "CZE"]
[SourceTitle "playchess.com"]
[Source "ChessBase"]
[SourceQuality "1"]
[TimeControl "40/5400+30:1800+30"]

1. e4 c6 2. d4 d5 3. e5 Bf5 4. h4 h5 5. Bg5 Qb6 6. Bd3 Qxd4 (6... Bxd3 $5 7. Qxd3 Qxb2 $17) 7. Nf3 Qg4 8. Bxf5 {[%emt 0:00:09] Black is slightly better.} Qxf5 9. O-O e6 ({Black should try} 9... f6 $1 $17 10. Bd2 fxe5) 10. c4 $1 $11 {[%emt 0:00:07] Black must now prevent Qb3.} Bc5 ({Black should play} 10... Na6 $15) 11. Nc3 {[%emt 0:11:17][%mdl 1024] aiming for Qb3. White has compensation.} Ne7 12. Qb3 b6 13. Qa4 {[%emt 0:04:45] And now b4 would win.} f6 14. b4 (14. Be3 $142 Bxe3 (14... fxe5 15. Bxc5 bxc5 16. cxd5 $16) 15. fxe3) 14... fxg5 $17 15. bxc5 Nd7 $1 16. cxb6 Nxb6 17. Qb4 gxh4 {[%emt 0:03:29] ...h3 would now be deadly.} ({Stronger than} 17... dxc4 18. Nxg5 Nbd5 19. Qxc4 $16) 18. cxd5 exd5 19. Nd4 Qg4 20. f3 {[%emt 0:01:10] [#]} Qf4 (20... Qd7 $142 $1 {Strongly threatening ...h3.} 21. f4 O-O) 21. Nce2 Qxe5 {[%emt 0:06:22] Hoping for ...0-0.} 22. Rae1 {[%emt 0:05:48] [#]} (22. Rfe1 $142 c5 23. Qxc5) 22... Nc4 $1 {[%emt 0:01:18] ...0-0 is the strong threat.} 23. Kh1 $2 {[%emt 0:17:20] This costs White the game.} (23. Qc5 $17 {keeps fighting.} Qd6 (23... O-O 24. Nc1 $16) 24. Qxd6 Nxd6 25. Nf4) 23... O-O $19 24. Qb7 $2 (24. Qc5 {might work better.} Qd6 25. Qxd6 Nxd6 26. Rd1) 24... Ne3 25. Rf2 N3f5 (25... Rab8 $142 26. Qd7 Ng4 27. fxg4 Rxf2) 26. Nxc6 Nxc6 27. Qxc6 Rac8 28. Qa6 Ng3+ 29. Kg1 Rc2 {[%emt 0:01:03] Threatens to win with ...Qe3.} 30. f4 Qe3 {[%emt 0:00:39][%cal Of8f4] ( -> ...Rxf4!)} 31. Qa5 Rxe2 {[%emt 0:00:55] Black mates.} 32. Qxd5+ Kh8 33. Rexe2 Qc1+ {[%emt 0:00:26] Weighted Error Value: White=0.98/Black=0.37.  Loses game:     	White=1     	---        Mistake:       	White=3     	Black=4      Inaccurate:     	White=6     	---        OK:         	White=5     	Black=6      Best:        	White=5     	Black=3      Strong:       	White=1     	Black=2} 0-1

[Event "Karel Janecek Open 2024"]
[Site "Prague"]
[Date "2024.03.06"]
[Round "8.18"]
[White "Botez, Alexandra"]
[Black "De Martino, Daniele"]
[Result "1-0"]
[ECO "E83"]
[WhiteElo "1977"]
[BlackElo "1855"]
[Annotator "NA RC"]
[PlyCount "61"]
[EventDate "2024.02.22"]
[EventType "swiss"]
[EventCountry "CZE"]
[SourceTitle "playchess.com"]
[Source "ChessBase"]
[SourceQuality "1"]
[TimeControl "40/5400+30:1800+30"]

1. d4 Nf6 2. c4 g6 3. f3 Bg7 4. e4 d6 5. Nc3 O-O 6. Be3 Nc6 7. Nge2 a6 8. Qd2 Na5 9. Nc1 Bd7 10. b4 Nc6 11. Rb1 e5 12. d5 Ne7 13. c5 Nh5 14. g4 Nf4 15. N1e2 g5 16. Nxf4 exf4 17. Bd4 Bxd4 18. Qxd4 Ng6 19. Be2 Ne5 20. Kf2 Qf6 21. Qd2 Qh6 22. h4 gxh4 23. g5 Qh5 24. Qxf4 Ng6 25. Qf6 h3 26. Rbg1 h2 27. Rg2 Qh4+ 28. Ke3 Bh3 29. Rgxh2 Nf4 30. Qxf4 Qxf4+ 31. Kxf4 1-0

[Event "Karel Janecek Open 2024"]
[Site "Prague"]
[Date "2024.03.06"]
[Round "8.19"]
[White "Bravetti, Antonio"]
[Black "Botez, Andrea"]
[Result "1-0"]
[ECO "A24"]
[WhiteElo "2227"]
[BlackElo "1709"]
[Annotator "TA"]
[PlyCount "63"]
[EventDate "2024.02.22"]
[EventType "swiss"]
[EventCountry "CZE"]
[SourceTitle "playchess.com"]
[Source "ChessBase"]
[SourceQuality "1"]
[TimeControl "40/5400+30:1800+30"]

1. g3 Nf6 2. Bg2 g6 3. d3 Bg7 4. c4 d6 5. Nc3 O-O 6. e3 e5 7. Nge2 c6 8. O-O Be6 9. b3 Qd7 10. Ba3 Na6 11. d4 Rfd8 {[%emt 0:06:18] Die Stellung ist ausgeglichen.} 12. Qd2 Bh3 13. Rfd1 {[%emt 0:00:36] [#] Zielt auf dxe5 ab.} (13. Rad1 $5) 13... Ne8 (13... Bxg2 $11 14. Kxg2 e4) 14. dxe5 $14 Bxe5 15. Bh1 h5 16. Nf4 Bg4 17. f3 Bf5 18. e4 Be6 19. Nxe6 Qxe6 20. f4 Bf6 21. Qe3 d5 {[%emt 0:05:15] Das kostet Schwarz die Partie.} 22. cxd5 $18 cxd5 {[%emt 0:00:38] [#] Und ...d4 würde nun gewinnen.} 23. e5 d4 (23... Nec7 $142 24. Rac1 h4) 24. Rxd4 Rxd4 25. Qxd4 Bd8 {[%emt 0:00:41] Weiss muss nun ...Bb6 beachten.} 26. Nd5 (26. Bxb7 $2 Bb6 $19) 26... Nec7 (26... Rc8 {ist wohl besser.} 27. Rc1 (27. Qxa7 Rc2 $14) 27... h4 28. Qxa7 Rxc1+ 29. Bxc1 Qg4) 27. Qd3 Nxd5 (27... Ne8 $142 28. Bf3 Ng7) 28. Bxd5 Qh3 (28... Bb6+ $18 29. Kg2 Rd8) 29. Qxg6+ {[%emt 0:00:51] Weiß setzt Matt.} ({Nicht} 29. Bxb7 Bb6+ 30. Kh1 Rd8 $18) 29... Kh8 30. Qh6+ Kg8 31. e6 Bb6+ 32. Kh1 {[%emt 0:00:08] Gewichteter Fehlerwert: Weiß=0.06 (makellos) /Schwarz=0.64.  Fehler:       	---       	Schwarz=6     Ungenau:       	Weiß=1     	Schwarz=1     OK:         	Weiß=6     	Schwarz=3     Bester:       	Weiß=5     	---} 1-0

[Event "Karel Janecek Open 2024"]
[Site "Prague"]
[Date "2024.03.07"]
[Round "9.2"]
[White "Isik, Alparslan"]
[Black "Sethuraman, S.P."]
[Result "1/2-1/2"]
[ECO "A30"]
[WhiteElo "2452"]
[BlackElo "2594"]
[Annotator "TA"]
[PlyCount "28"]
[EventDate "2024.02.22"]
[EventType "swiss"]
[EventCountry "CZE"]
[SourceTitle "playchess.com"]
[Source "ChessBase"]
[SourceQuality "1"]
[TimeControl "40/5400+30:1800+30"]

1. Nf3 Nf6 2. g3 c5 3. Bg2 Nc6 4. c4 d5 5. cxd5 Nxd5 6. d4 cxd4 7. Nxd4 Ndb4 8. Nxc6 Qxd1+ 9. Kxd1 Nxc6 10. Nc3 Bd7 11. Be3 Rc8 12. Rc1 g6 13. Kc2 Bf5+ 14. Be4 Bxe4+ {[%emt 0:03:31] Nicht viel passiert in dieser Partie.   Gewichteter Fehlerwert: Weiß=0.09 (makellos) /Schwarz=0.08 (makellos) .  Ungenau:       	Weiß=1     	---        OK:         	---       	Schwarz=1} 1/2-1/2

[Event "Karel Janecek Open 2024"]
[Site "Prague"]
[Date "2024.03.07"]
[Round "9.3"]
[White "Bharath Subramaniyam H"]
[Black "Xiang, Zeyu"]
[Result "1/2-1/2"]
[ECO "C49"]
[WhiteElo "2515"]
[BlackElo "2418"]
[Annotator "RC"]
[PlyCount "67"]
[EventDate "2024.02.22"]
[EventType "swiss"]
[EventCountry "CZE"]
[SourceTitle "playchess.com"]
[Source "ChessBase"]
[SourceQuality "1"]
[TimeControl "40/5400+30:1800+30"]

1. e4 e5 2. Nf3 Nc6 3. Nc3 Nf6 4. Bb5 Bb4 5. O-O O-O 6. Bxc6 bxc6 7. Nxe5 Re8 8. Nd3 Bxc3 9. dxc3 Nxe4 10. Re1 d6 11. f3 Nf6 12. Bg5 Rxe1+ 13. Qxe1 Bf5 14. Nb4 Qd7 15. Bxf6 gxf6 16. Qg3+ Bg6 17. h4 h5 18. Nd3 Re8 19. Re1 Rxe1+ 20. Qxe1 Kf8 21. Nf4 Qf5 22. Qd2 Kg7 23. Kh2 a5 24. a4 c5 25. c4 Qe5 26. Kg3 Qxb2 27. Qxa5 Qxc2 28. Qxc7 Qxa4 29. Ne6+ Kh6 30. Qd8 fxe6 31. Qh8+ Bh7 32. Qxf6+ Bg6 33. Qh8+ Bh7 34. Qf6+ 1/2-1/2

[Event "Karel Janecek Open 2024"]
[Site "Prague"]
[Date "2024.03.07"]
[Round "9.4"]
[White "Neuman, Petr"]
[Black "Barbosa, Evandro Amorim"]
[Result "1/2-1/2"]
[ECO "E67"]
[WhiteElo "2398"]
[BlackElo "2491"]
[Annotator "TA"]
[PlyCount "52"]
[EventDate "2024.02.22"]
[EventType "swiss"]
[EventCountry "CZE"]
[SourceTitle "playchess.com"]
[Source "ChessBase"]
[SourceQuality "1"]
[TimeControl "40/5400+30:1800+30"]

1. d4 Nf6 2. c4 g6 3. Nf3 Bg7 4. g3 O-O 5. Bg2 d6 6. O-O Nbd7 7. Nc3 e5 8. e3 Re8 9. a4 a5 10. b3 c6 11. Ba3 exd4 12. exd4 Nb6 13. Re1 {[%emt 0:26:02] Black has an edge.} Rxe1+ 14. Qxe1 Bf5 15. d5 cxd5 {[%emt 0:06:29] [#] Strongly threatening ...Ne4.} 16. Nd4 dxc4 17. Nxf5 gxf5 18. Rb1 d5 19. bxc4 Ne4 (19... dxc4 $11 {remains equal.} 20. Bc5 (20. Bxb7 Rb8 $11) 20... Nfd7) 20. Nxd5 $16 Nxd5 {[%emt 0:00:30] [#]} 21. cxd5 ({Better is} 21. Rd1 $1 $16) 21... Qxd5 $11 {[%emt 0:00:23] The position is equal.} 22. Rb5 Qd3 23. Bb2 (23. Rxa5 $2 Rxa5 24. Qxa5 Qxa3 $19) 23... Bxb2 24. Rxb2 Qd4 25. Rb5 Rd8 26. Bxe4 (26. Qxa5 {is a self mate.} Qxf2+ 27. Kh1 Rd1+) (26. Rxf5 $2 {is the wrong capture.} Qd1 27. Qf1 Qxa4 $17) 26... fxe4 {[%emt 0:05:12] Weighted Error Value: White=0.06 (flawless) /Black=0.09 (flawless) .  Mistake:       	White=1     	Black=1      OK:         	White=8     	Black=7      Best:        	White=1     	---} 1/2-1/2

[Event "Karel Janecek Open 2024"]
[Site "Prague"]
[Date "2024.03.07"]
[Round "9.5"]
[White "Safarli, Eltaj"]
[Black "Ilamparthi A R"]
[Result "1-0"]
[ECO "C77"]
[WhiteElo "2604"]
[BlackElo "2426"]
[Annotator "TA"]
[PlyCount "99"]
[EventDate "2024.02.22"]
[EventType "swiss"]
[EventCountry "CZE"]
[SourceTitle "playchess.com"]
[Source "ChessBase"]
[SourceQuality "1"]
[TimeControl "40/5400+30:1800+30"]

1. e4 e5 2. Nf3 Nc6 3. Bb5 a6 4. Ba4 Nf6 5. Nc3 d6 6. Bxc6+ bxc6 7. d4 {[%emt 0:00:07] C77: Ruy Lopez: 3...a6 4 Ba4 Nf6, unusual lines.} Nd7 8. dxe5 dxe5 9. O-O Bd6 10. Be3 O-O 11. Ne2 $146 ({Predecessor:} 11. h3 Qe8 12. Ne2 c5 13. b3 Bb7 14. Ng3 Rd8 15. Nd2 Nb8 16. c3 f6 17. Nc4 {1-0 Bortnyk,O (2608)-Hansen,E (2609) Titled Tuesday intern op 12th Sep Early blitz 2023 (10)}) 11... Qe7 12. Ng3 g6 13. Qd3 Nc5 14. Qc3 f6 15. Nd2 Be6 16. a4 (16. b3 $14) 16... Rab8 (16... Nb7 $11) 17. Nc4 Nb7 (17... Bxc4 $11 {remains equal.} 18. Qxc4+ Qf7) 18. Nxd6 $16 cxd6 19. f4 (19. Qxc6 Rfc8 20. Qb6 (20. Qxa6 Bc4 $15) 20... Nc5 $11) 19... c5 ({Black should play} 19... exf4 20. Bxf4 (20. Rxf4 Nc5 $16) 20... Nd8) 20. f5 $16 Bf7 (20... gxf5 $16 21. Nxf5 Bxf5 22. Rxf5 Nd8) 21. Bh6 $18 g5 22. Bxf8 Kxf8 23. Rfd1 c4 24. Qd2 Qc7 25. Ne2 Qc5+ 26. Kh1 Ke7 (26... d5 $16) 27. Nc3 $18 Qc6 28. Qe3 Nc5 29. Rab1 Rb7 30. a5 Qc7 31. Qe1 Qc6 32. Rd2 Qc7 33. Nd5+ Bxd5 34. Rxd5 (34. exd5 Qxa5 35. h4 Ne4 $11) 34... Qb8 35. Rbd1 Rxb2 36. Rxd6 Rxc2 $2 (36... Qxd6 37. Rxd6 Kxd6) 37. Rb6 $18 Qc7 38. Qb4 g4 39. Qe1 h5 40. Qe3 Nd3 41. Qh6 (41. Rxa6 $2 Nf2+ 42. Kg1 Nxd1 $19) 41... Nf2+ 42. Kg1 Nxd1 43. Qxf6+ Ke8 44. Re6+ (44. Rxa6 $2 {gets mated.} Qc5+ 45. Kh1 Nf2+ 46. Kg1 Rc1#) 44... Kd7 45. Re7+ (45. Rxa6 $2 {is a self mate.} Qc5+ 46. Kh1 Nf2+ 47. Kg1 Rc1#) 45... Kc8 46. Qxa6+ Kd8 47. Rxc7 Kxc7 48. Qb6+ (48. Qa7+ $142 Kd6 49. Qb6+ Kd7 50. Qb7+ Kd8 51. Qd5+ Kc7 52. Qxd1 Rb2 53. Qd5 (53. Qc1 Rb7 $18) 53... Rb1+ 54. Kf2) 48... Kd7 49. Qb7+ Ke8 50. f6 1-0

[Event "Karel Janecek Open 2024"]
[Site "Prague"]
[Date "2024.03.07"]
[Round "9.6"]
[White "Abdilkhair, Abilmansur"]
[Black "Amar, Elham"]
[Result "1/2-1/2"]
[ECO "B32"]
[WhiteElo "2357"]
[BlackElo "2555"]
[Annotator "TA"]
[PlyCount "88"]
[EventDate "2024.02.22"]
[EventType "swiss"]
[EventCountry "CZE"]
[SourceTitle "playchess.com"]
[Source "ChessBase"]
[SourceQuality "1"]
[TimeControl "40/5400+30:1800+30"]

1. e4 c5 2. Nf3 Nc6 3. d4 cxd4 4. Nxd4 e5 5. Nf5 d5 6. Qxd5 Qxd5 7. exd5 Bxf5 8. dxc6 bxc6 9. Bd3 Ne7 10. Nd2 Bxd3 11. cxd3 Nd5 12. Nc4 f6 13. Be3 Kd7 14. Ke2 Bd6 15. a4 Bc7 16. a5 a6 17. h4 h5 18. Rh3 Nf4+ 19. Bxf4 exf4 20. Rhh1 Rab8 21. Kd2 Rb5 22. Rhe1 g5 23. Re4 Re8 24. Rd4+ {[%emt 0:19:04] The position is equal.} Kc8 25. Nd6+ Bxd6 26. Rxd6 Rxb2+ $11 {[%emt 0:01:11][%mdl 4096] Endgame. KRR-KRR} 27. Kc3 Kc7 28. Rxf6 Rxf2 29. hxg5 Rxg2 30. g6 Re5 31. Ra4 (31. Rxf4 Rc5+ (31... Rxg6 32. Rf7+ Kd6 33. Ra7 $17) 32. Kb4 Rb5+ 33. Kc3 Rxg6 $15) 31... Rc5+ 32. Kd4 Rc1 33. Ke5 Re1+ 34. Re4 (34. Kxf4 $2 Rf2+ 35. Kg3 Rxf6 $19) 34... Rxe4+ 35. dxe4 {[%emt 0:00:26][%cal Oe5e6] [#] Black must now prevent Ke6! KR-KR} f3 36. Ke6 {[%emt 0:07:59][%cal Oe6f7] Kf7! would now be deadly.} (36. Rxf3 {simplifies} Rxg6 37. Rf7+ Kd8 38. Rh7) 36... f2 37. Kf7 h4 38. e5 $1 {[%emt 0:00:17] e6 would kill now.} h3 39. e6 $1 {[%emt 0:00:01] [#] Intending e7 and mate.} h2 40. e7 h1=Q (40... h1=B 41. e8=Q (41. e8=B Rg1 $16) 41... Rg1 42. Rxf2 Rb1 43. Qe5+ Kb7 44. Rb2+ Rxb2 45. Qxb2+ Ka8 46. Ke6 (46. Qh8+ Kb7 47. Qxh1 Kc7 48. Ke7 Kc8 49. g7 Kb7 50. Qb1+ Ka8 51. g8=Q+ Ka7 52. Qgb8#)) 41. e8=Q {[%emt 0:30:02] Chess con chili.} f1=Q {[%emt 0:31:06][%cal Og2e2] ( -> ...Re2!)} (41... f1=R $2 {perishes.} 42. Qxc6+ Kd8 43. Qd6+ (43. Qxa6 Rxf6+ 44. Qxf6+ Kc7 $11) 43... Kc8 44. Qxa6+ Kd8 45. Qd3+ (45. Qxf1 Qxf1 46. Rxf1 Rg4 47. g7 Rg5 48. a6 Kc8 49. a7 Kb7) (45. Rxf1 Rf2+ 46. Rxf2 Qb7+ 47. Qxb7 $11) 45... Kc8 46. Rxf1 $18 (46. Qxf1 Qxf1 47. Rxf1 Rg5 48. g7 Kb7 49. g8=Q Rxg8 50. Kxg8 Kc6)) 42. Qe7+ Kc8 {[%emt 0:00:00][%cal Og2d2] Threatens to win with ...Rd2!} 43. Qe6+ Kc7 {[%emt 0:00:00][%cal Og2d2] Hoping for ...Rd2!} 44. Qd6+ Kc8 {[%emt 0:00:00] Weighted Error Value: White=0.06 (flawless) /Black=0.07 (flawless) .  Inaccurate:     	White=3     	Black=5      OK:         	White=14    	Black=8      Best:        	White=4     	Black=6      Strong:       	White=2     	---} 1/2-1/2

[Event "Karel Janecek Open 2024"]
[Site "Prague"]
[Date "2024.03.07"]
[Round "9.7"]
[White "Chinguun, Sumiya"]
[Black "Polak, Tomas"]
[Result "0-1"]
[ECO "B10"]
[WhiteElo "2319"]
[BlackElo "2525"]
[Annotator "RC"]
[PlyCount "92"]
[EventDate "2024.02.22"]
[EventType "swiss"]
[EventCountry "CZE"]
[SourceTitle "playchess.com"]
[Source "ChessBase"]
[SourceQuality "1"]
[TimeControl "40/5400+30:1800+30"]

1. e4 c6 2. c4 d5 3. cxd5 cxd5 4. exd5 Nf6 5. Nc3 Nxd5 6. Nf3 Nc6 7. Bb5 g6 8. O-O Bg7 9. Qa4 Qd6 10. Re1 O-O 11. Bxc6 bxc6 12. Ne4 Qb4 13. Qxc6 Bb7 14. Qc2 Rac8 15. Nc3 e6 16. a3 Qb6 17. Qa4 Rfd8 18. Ne5 Ne7 19. Nc4 Qc7 20. Ne3 Nc6 21. Qh4 Nd4 22. Rb1 Qc6 23. Qg3 f5 24. b4 e5 25. Qh3 Ne6 26. b5 Qb6 27. Qh4 Rd4 28. Qe7 Rc7 29. Qe8+ Bf8 30. a4 Rc8 31. a5 Qd6 32. Ba3 Rxe8 33. Bxd6 Rxd6 34. Nc4 Rd4 35. Nxe5 Rxd2 36. a6 Ba8 37. Na4 Nc7 38. b6 axb6 39. a7 Ra2 40. Nxb6 Rxa7 41. g4 Be4 42. Nbd7 Bg7 43. gxf5 gxf5 44. Rb2 Bc6 45. Rbe2 Bb5 46. Re3 Nd5 0-1

[Event "Karel Janecek Open 2024"]
[Site "Prague"]
[Date "2024.03.07"]
[Round "9.8"]
[White "Cieslak, Patryk"]
[Black "Zhao, Yuanhe"]
[Result "0-1"]
[ECO "A34"]
[WhiteElo "2325"]
[BlackElo "2461"]
[Annotator "RC"]
[PlyCount "170"]
[EventDate "2024.02.22"]
[EventType "swiss"]
[EventCountry "CZE"]
[SourceTitle "playchess.com"]
[Source "ChessBase"]
[SourceQuality "1"]
[TimeControl "40/5400+30:1800+30"]

1. e4 c5 2. Nf3 a6 3. c4 e6 4. Nc3 Qc7 5. Be2 Nf6 6. O-O Nc6 7. Re1 b6 8. d4 cxd4 9. Nxd4 Nxd4 10. Qxd4 Bd6 11. h3 Be5 12. Qe3 Bb7 13. Bd3 Bxc3 14. bxc3 d6 15. Qg3 Rg8 16. Rb1 Nd7 17. Bg5 e5 18. Rb2 Bc6 19. Be3 Nc5 20. Bc2 Bd7 21. Reb1 Rb8 22. f4 f6 23. Qh4 Be6 24. Qxh7 Bxc4 25. fxe5 dxe5 26. Qg6+ Bf7 27. Qg3 Ke7 28. Kh2 Be6 29. Qf2 Rgc8 30. Qg3 Kf7 31. Rf1 Nd7 32. Bd1 Rh8 33. Bg4 Nf8 34. Rfb1 b5 35. a4 Qc6 36. axb5 axb5 37. Ra1 Rh7 38. Ra7+ Kg8 39. Bxe6+ Nxe6 40. Qg6 Nf8 41. Qf7+ Kh8 42. Qc7 Qe8 43. Rb7 Rc8 44. Qd6 Rh4 45. R2xb5 Qh5 46. Bf2 Rf4 47. Bg3 Rxe4 48. Rc5 Re8 49. Rcc7 Ne6 50. Re7 Rxe7 51. Qxe7 Qf5 52. Rb6 Nf4 53. Rb4 Kh7 54. Qb7 Rxb4 55. Qxb4 e4 56. Qc4 Nd3 57. Qd4 Qe6 58. Qe3 g5 59. h4 gxh4 60. Bxh4 f5 61. Bg3 Kg6 62. Kg1 Qc6 63. Kh2 Qxc3 64. Qb6+ Qf6 65. Qb8 Qe6 66. Qd8 Nb4 67. Bh4 Nd5 68. Qg5+ Kf7 69. g4 f4 70. Qh5+ Kg7 71. Qg5+ Kf8 72. Qh5 e3 73. Qh8+ Kf7 74. Qh7+ Ke8 75. Qh8+ Kd7 76. Qd8+ Kc6 77. Qa8+ Kb5 78. Qb7+ Kc4 79. Qb1 Qxg4 80. Qe4+ Kc5 81. Be7+ Nxe7 82. Qxe7+ Kd4 83. Qd6+ Ke4 84. Qc6+ Kd3 85. Kh1 Qd1+ 0-1

[Event "Karel Janecek Open 2024"]
[Site "Prague"]
[Date "2024.03.07"]
[Round "9.9"]
[White "Rohit S"]
[Black "Jarmula, Lukasz"]
[Result "1/2-1/2"]
[ECO "B08"]
[WhiteElo "2174"]
[BlackElo "2434"]
[Annotator "TA"]
[PlyCount "43"]
[EventDate "2024.02.22"]
[EventType "swiss"]
[EventCountry "CZE"]
[SourceTitle "playchess.com"]
[Source "ChessBase"]
[SourceQuality "1"]
[TimeControl "40/5400+30:1800+30"]

1. e4 d6 2. d4 Nf6 3. Nc3 Nc6 4. Nf3 g6 5. Be2 Bg7 6. O-O O-O 7. d5 Nb8 8. e5 dxe5 9. Nxe5 Nfd7 10. Nf3 {[%emt 0:03:13][%cal Be5f3,Bf3d4,Bd4e6][%mdl 32] The position is equal.} Nb6 11. Qd2 N8d7 12. Rd1 Nf6 13. Qe1 Bf5 (13... Nbxd5 $2 14. Nxd5 Nxd5 15. c4 $18) 14. Nd4 Bd7 {[%emt 0:00:41] [#]} (14... Nbxd5 $2 {is the wrong capture.} 15. Nxf5 gxf5 16. Nxd5 Nxd5 17. c4 $18) (14... Qc8 $11) 15. Ne6 $1 $14 Bxe6 (15... fxe6 16. dxe6) 16. dxe6 Qc8 17. exf7+ Rxf7 18. a4 {[%emt 0:11:28] aiming for a5.} c6 19. Bf3 Nc4 20. Qe2 Nd6 21. Bf4 {[%emt 0:04:01] White has more active pieces.} Nf5 22. Qd2 {[%emt 0:04:21] Weighted Error Value: White=0.10 (very precise) /Black=0.13 (very precise) .  Mistake:       	---       	Black=1      Inaccurate:     	White=3     	Black=1      OK:         	White=4     	Black=7      Brilliant:      	White=1     	---} 1/2-1/2

[Event "Karel Janecek Open 2024"]
[Site "Prague"]
[Date "2024.03.07"]
[Round "9.10"]
[White "Mikes, Jan"]
[Black "Bernadskiy, Vitaliy"]
[Result "1/2-1/2"]
[ECO "B15"]
[WhiteElo "2358"]
[BlackElo "2566"]
[Annotator "RC"]
[PlyCount "61"]
[EventDate "2024.02.22"]
[EventType "swiss"]
[EventCountry "CZE"]
[SourceTitle "playchess.com"]
[Source "ChessBase"]
[SourceQuality "1"]
[TimeControl "40/5400+30:1800+30"]

1. e4 c6 2. d4 d5 3. Nc3 dxe4 4. Nxe4 Nf6 5. Nxf6+ exf6 6. c3 Na6 7. Bxa6 bxa6 8. Ne2 Bd6 9. Bf4 O-O 10. Bxd6 Qxd6 11. O-O Re8 12. Nc1 c5 13. Nb3 cxd4 14. Qxd4 Qb6 15. Qxb6 axb6 16. Nd4 Bd7 17. Rfe1 Kf8 18. Rxe8+ Rxe8 19. f3 Re5 20. Rd1 Ke7 21. Kf2 b5 22. g4 h5 23. h3 hxg4 24. hxg4 g5 25. a3 f5 26. gxf5 Rd5 27. Rh1 Bxf5 28. Rh8 Bd7 29. Ra8 Rd6 30. Ke3 f5 31. f4 1/2-1/2